 Dungeon Crawl Stone Soup version 0.24.0-10-g970556be89 (console) character file.

Game seed: 3366460429320128254, levelgen mode: deterministic

229 AlterAsc the Ruffian (level 5, -2/42 HPs)
             Began as a Draconian Transmuter on Nov 5, 2019.
             Killed from afar by an orc wizard (9 damage)
             ... with a magic dart
             ... on level 3 of the Dungeon.
             The game lasted 00:05:06 (2469 turns).

AlterAsc the Ruffian (Draconian Transmuter)         Turns: 2469, Time: 00:05:07

Health: -2/42      AC:  5    Str: 14    XL:     5   Next: 71%
Magic:  9/9        EV: 12    Int: 13    God:
Gold:   97         SH:  0    Dex: 11    Spells: 6/9 levels left

rFire    . . .     SeeInvis .     - Unarmed
rCold    . . .     Gourm    .   (no shield)
rNeg     + . .     Faith    .   (armour unavailable)
rPois    .         Spirit   .   (helmet restricted)
rElec    .         Reflect  .   h - scarf {cloud immunity}
rCorr    .         Harm     .   (no gloves)
MR       .....                  (no boots)
Stlth    +.........             (no amulet)
HPRegen  0.14/turn              f - ring of positive energy
MPRegen  0.11/turn              (no ring)

@: no status effects
A: unfitting armour, cold-blooded, AC +5
a: no special abilities


You were on level 3 of the Dungeon.
You were not hungry.

You visited 1 branch of the dungeon, and saw 3 of its levels.

You collected 97 gold pieces.

Inventory:

Missiles
 a - 41 arrows
Armour
 h - a scarf of cloud immunity (worn)
Jewellery
 f - a ring of positive energy (left hand)
Scrolls
 b - a scroll of remove curse {unknown}
 e - a scroll of fog {unknown}
 g - a scroll of fear {unknown}
 j - 2 scrolls of identify {unknown}
 m - a scroll of amnesia {unknown}
Potions
 d - a potion of magic {unknown}
 k - a potion of lignification {unknown}
Comestibles
 c - 4 rations
 i - 5 chunks of flesh


   Skills:
 + Level 2.7 Fighting
 - Level 1.9 Dodging
 * Level 4.3 Unarmed Combat
 + Level 2.8 Spellcasting
 * Level 3.7 Transmutations


You had 6 spell levels left.
You knew the following spells:

 Your Spells              Type           Power        Failure   Level  Hunger
a - Beastly Appendage     Tmut           ##....       4%          1    #......
b - Sticks to Snakes      Tmut           ##......     8%          2    ###....

Your spell library contained the following spells:

 Spells                   Type           Power        Failure   Level  Hunger
 Spider Form              Tmut/Pois      #.........   32%         3    ###....
 Ice Form                 Ice/Tmut       #.......     71%         4    #####..
 Blade Hands              Tmut           ##........   80%         5    ######.


Dungeon Overview and Level Annotations

Branches:
Dungeon (3/15)

Altars:
Gozag


Innate Abilities, Weirdness & Mutations

Your plain brown scales are hard. (AC +5)
You cannot fit into any form of body armour.
You are cold-blooded and may be slowed by cold attacks.


Message History

The orc wizard is lightly wounded.
The orc wizard misses you. The orc closely misses you.
You barely miss the orc wizard.
The orc wizard is lightly wounded.
The orc wizard hits you with a +0 dagger.
You barely miss the orc wizard.
The orc wizard is lightly wounded.
The orc wizard points at you and mumbles some strange words.
The magic dart hits you!
* * * LOW HITPOINT WARNING * * *
The orc wizard hits you but does no damage.
You closely miss the orc wizard.
The orc wizard is lightly wounded.
The orc wizard hits you but does no damage.
The orc closely misses you.
You hit the orc wizard but do no damage.
The orc wizard is lightly wounded.
The orc wizard gestures at you while chanting.
The magic dart hits you!
You die...

### ......... ..#
#.......> ..# ##%.......
..#### #......... ......
.>...(..# ..##
#.##...o..# ..#
#.##%...#)###.#
..######.##...o#@o...#
.........##....#o#####
...(............o# ###
.........#.......## ....
##.............#..#.....
##...........).#........
#.....(.......#.##.....
#.....)..#....#........
#........#####..##.(...


You could see an orc wizard and 2 orcs.

Vanquished Creatures
  A bullfrog (D:2)
  2 orc priests (D:2)
  Terence (D:3)
  2 adders (D:3)
  An ooze (D:3)
  A dart slug (D:1)
  2 leopard geckos (D:2)
  6 orcs
  2 ball pythons
  3 bats
  2 giant cockroaches
  2 goblins
  3 hobgoblins
  4 jackals (D:1)
  A quokka (D:3)
  2 frilled lizards (D:1)
  8 kobolds
  10 rats
53 creatures vanquished.

Vanquished Creatures (collateral kills)
  A frilled lizard (D:3)
1 creature vanquished.

Grand Total: 54 creatures vanquished

Notes
Turn   | Place    | Note
-------+----------+-------------------------------------------
     0 | D:1      | AlterAsc the Draconian Transmuter began the quest for the
                  | Orb.
     0 | D:1      | Reached XP level 1. HP: 16/16 MP: 3/3
    72 | D:1      | Reached XP level 2. HP: 20/23 MP: 5/5
   675 | D:2      | Reached XP level 3. HP: 23/29 MP: 4/6
   740 | D:2      | Noticed Terence
   757 | D:3      | Reached XP level 4. HP: 4/36 MP: 7/7
   998 | D:3      | Learned a level 2 spell: Sticks to Snakes
  1058 | D:3      | Killed Terence
  1452 | D:2      | Found an opulent altar of Gozag.
  1509 | D:2      | Noticed a bullfrog
  1526 | D:2      | Killed a bullfrog
  1526 | D:2      | Reached skill level 4 in Unarmed Combat
  1526 | D:2      | Reached XP level 5. HP: 6/42 MP: 7/9
  2469 | D:3      | Killed from afar by an orc wizard

Levels and vault maps discovered:
D:1:      scummos_arrival_star, layout_loops_ring
D:2:      layout_rooms, grunt_gozag_statues, uniq_terence
D:3:      layout_rooms, lemuel_tele_altar

Skill      XL: |  1  2  3  4 |
---------------+-------------+-----
Fighting       | 2 |  2.7
Transmutations | 3 |  3.7
Unarmed Combat | 4 |  4.3
Dodging        | |  1.9
Spellcasting   | |  2.8

Action                   |  1- 3 |  4- 6 || total
-------------------------+-------+-------++-------
Melee: Unarmed           |    95 |   112 ||   207
       Kick              |     5 |     6 ||    11
       Tailslap          |     9 |    10 ||    19
       Headbutt          |     2 |     1 ||     3
       Punch             |     1 |     2 ||     3
 Cast: Beastly Appendage |    11 |     8 ||    19
       Sticks to Snakes  |       |     2 ||     2
  Use: Potion            |       |     1 ||     1
  Eat: Chunk             |       |     3 ||     3
       Ration            |       |     1 ||     1
Armor: Skin              |    21 |    24 ||    45
Dodge: Dodged            |    68 |    85 ||   153
